 Dungeon Crawl Stone Soup version 0.24-a0-459-g225fefd530 (webtiles) character file.

Game seed: 5638429967394406255

11032 Peloso the Carver (level 11, 0/97 HPs)
             Began as a Minotaur Fighter on June 29, 2019.
             Was a High Priest of Okawaru.
             Slain by a vampire (5 damage)
             ... on level 11 of the Dungeon.
             The game lasted 00:26:38 (10169 turns).

Peloso the Carver (Minotaur Fighter)               Turns: 10169, Time: 00:26:38

Health: 0/97       AC: 15    Str: 25    XL:     11   Next: 44%
Magic:  9/11       EV: 18    Int:  5    God:    Okawaru [*****.]
Gold:   592        SH: 15    Dex: 17    Spells: 10/10 levels left

rFire    . . .     SeeInvis .   a - +0 long sword
rCold    . . .     Gourm    .   c - +0 shield
rNeg     . . .     Faith    .   L - +0 plate armour
rPois    .         Spirit   .   E - +2 hat
rElec    .         Reflect  .   (no cloak)
rCorr    .         Harm     .   (no gloves)
MR       +....                  m - +0 pair of boots
Stlth    ..........             w - amulet of regeneration
HPRegen  0.66/turn              C - ring "Muntirchok" {+Fly MR+}
MPRegen  0.12/turn              P - +3 ring of strength

@: agile, heroism
A: retaliatory headbutt, horns 2, deformed body
a: Heroism, Finesse, Renounce Religion, Evoke Flight


You were on level 11 of the Dungeon.
You worshipped Okawaru.
Okawaru was extremely pleased with you.
You were very hungry.

You visited 2 branches of the dungeon, and saw 12 of its levels.
You also visited: Gauntlet.

You collected 592 gold pieces.

Inventory:

Hand Weapons
 a - a +0 long sword (weapon)
 q - a +2 hand crossbow of flaming
 U - the +4 double sword "Faogg" {distort, Int+5 Stlth+}
   (You took it off a minotaur in a Gauntlet)

   It warps and distorts space around it.
   Unwielding it can cause banishment or high damage.
   It affects your intelligence (+5).
   It makes you more stealthy.
Missiles
 n - 97 bolts
Armour
 b - a +0 scale mail
 c - a +0 shield (worn)
 m - a +0 pair of boots (worn)
 o - a +0 chain mail
 E - a +2 hat (worn)
 L - a +0 plate armour (worn)
Jewellery
 k - an uncursed ring of stealth {unknown}
 w - an amulet of regeneration (around neck)
 C - the ring "Muntirchok" (left hand) {+Fly MR+}
   (You found it on level 5 of the Dungeon)

   [ring of flight]

   It affects your resistance to hostile enchantments.
   It lets you fly.
 D - an uncursed amulet of rage
 G - a +2 ring of dexterity
 P - a +3 ring of strength (right hand)
Wands
 t - a wand of acid (7)
 F - a wand of clouds (6)
 M - a wand of iceblast (6)
 O - a wand of polymorph (5)
 Q - a wand of enslavement (9)
Scrolls
 d - a scroll of amnesia
 e - 3 scrolls of fog
 g - a scroll of vulnerability {unknown}
 h - 2 scrolls of random uselessness
 i - 5 scrolls of remove curse
 u - 13 scrolls of teleportation
 y - 2 scrolls of enchant armour {unknown}
 z - 3 scrolls of immolation {unknown}
 A - 2 scrolls of enchant weapon {unknown}
 H - 2 scrolls of blinking {unknown}
 N - a scroll of fear {unknown}
 R - a scroll of acquirement {unknown}
 S - a scroll of identify
Potions
 j - a potion of ambrosia
 l - 2 potions of haste
 p - 2 potions of resistance
 r - a potion of magic
 s - a potion of cancellation
 v - a potion of agility
 x - 2 potions of curing
 B - 2 potions of mutation
 I - 2 potions of flight
 K - a potion of lignification {unknown}
Miscellaneous
 T - a phial of floods
Comestibles
 f - 19 rations


   Skills:
 + Level 9.6(14.6) Fighting
 + Level 12.3(17.3) Long Blades
 + Level 10.4(15.4) Armour
 + Level 4.4(9.4) Dodging
 + Level 1.2(6.2) Stealth
 + Level 11.2(16.2) Shields
 + Level 1.3 Invocations


You had 10 spell levels left.
You didn't know any spells.
Your spell library was empty.

Dungeon Overview and Level Annotations

Branches:
Dungeon (11/15)            Temple (1/1) D:6            Lair (0/6) D:8
    Orc (0/2) D:9

Altars:
Ashenzari
Cheibriados
Dithmenos
Elyvilon
Fedhas
Kikubaaqudgha
Nemelex Xobeh
Okawaru
Qazlal
Trog
Vehumet
Yredelemnul
Zin
The Shining One

Shops:
D:4 [

Annotations:
D:11 Snorg


Innate Abilities, Weirdness & Mutations

You reflexively headbutt those who attack you in melee.
You have a pair of horns on your head.
Armour fits poorly on your strangely shaped body.


Message History

You hear a shout!
Unholy energy fills the air.
* * * LOW HITPOINT WARNING * * *
You miss something. You headbutt something! Something hits you.
* * * LOW HITPOINT WARNING * * *
You block something's attack.
You hit something but do no damage.
You hear a shout!
You hit something but do no damage. Your headbutt misses something.
Something hits you.
* * * LOW HITPOINT WARNING * * *
Something bites you.
* * * LOW HITPOINT WARNING * * *
Something draws strength from your injuries!
You hear a shout!
You gain the combat prowess of a mighty hero.
Unholy energy fills the air.
* * * LOW HITPOINT WARNING * * *
You hit something but do no damage. Something hits you.
You die...

*,,,,,,,*,,,,*,,,,,,,,
*,,.....####**,,,,,,**
***#.......,,,......*
#......,,,,......#
#.....,,,,,,.....##
#....,,,,,,,,....#.
#...#*********#..#[
#.{.#,,,,,,,,,#..##
#.@.#,,,,,,,,,#....
#...#,,,,,,,,,#....
#...#*+########..##
##..?......§.....#.
#.........§.....#(
#########§§..#####
#.§..# #.§§§# #.§§§#


There were no monsters in sight!

Vanquished Creatures
  A minotaur (Gauntlet)
  A two-headed ogre (D:10)
  A rust devil (Gauntlet)
  3 centaur skeletons (D:10)
  A minotaur zombie (Gauntlet)
  A queen bee (Gauntlet)
  A ynoxinul (Gauntlet)
  A wraith (D:9)
  2 basilisks
  A vampire (D:9)
  5 yaks (D:10)
  3 chaos spawn (Gauntlet)
  A neqoxec (Gauntlet)
  3 porcupines (D:8)
  3 water moccasins
  4 sky beasts
  An orc warrior (D:8)
  3 ice beasts
  A hornet zombie (D:8)
  2 phantoms
  2 black bears
  A necrophage (D:10)
  5 ogres
  3 wolves
  7 centaurs
  A crocodile (D:8)
  3 big kobolds
  Blork the orc (D:4)
  5 bullfrogs
  A spiny frog simulacrum (Gauntlet)
  3 scorpions
  2 troll zombies (D:9)
  13 killer bees
  6 howler monkeys
  3 crimson imps
  3 bullfrog zombies
  A quasit (D:8)
  2 bullfrog skeletons
  2 jellies
  2 orc priests
  2 hounds
  4 orc wizards
  2 iron imps (Gauntlet)
  Jessica (D:2)
  An iguana (D:8)
  Terence (D:2)
  7 worker ants
  A killer bee zombie (D:8)
  6 ogre zombies (D:9)
  2 bullfrog simulacra (Gauntlet)
  A hound zombie (D:5)
  A hound skeleton (D:5)
  A worker ant zombie (D:5)
  9 adders
  5 shadow imps
  2 oozes (D:1)
  An adder zombie (D:6)
  3 adder skeletons
  3 worms
  2 dart slugs
  3 leopard geckos
  15 orcs
  3 giant cockroaches
  5 hobgoblins
  24 kobolds
  7 quokkas
  A ball python (D:1)
  7 bats
  4 frilled lizards
  8 goblins
  A goblin skeleton (D:9)
  5 goblin zombies (D:9)
  3 hobgoblin zombies (D:9)
  2 jackal skeletons
  A leopard gecko skeleton (D:5)
  A leopard gecko zombie (D:4)
  3 orc skeletons (D:9)
  13 orc zombies (D:9)
  A quokka zombie (D:6)
  9 rats
276 creatures vanquished.

Vanquished Creatures (others)
  A fungus (D:8)
1 creature vanquished.

Grand Total: 277 creatures vanquished

Notes
Turn   | Place    | Note
-------+----------+-------------------------------------------
     0 | D:1      | Peloso the Minotaur Fighter began the quest for the Orb.
     0 | D:1      | Reached XP level 1. HP: 19/19 MP: 0/0
   127 | D:1      | Reached XP level 2. HP: 22/27 MP: 1/1
   526 | D:1      | Reached skill level 3 in Long Blades
   526 | D:1      | Reached XP level 3. HP: 33/33 MP: 2/2
   771 | D:2      | Reached skill level 1 in Dodging
   794 | D:2      | Noticed Jessica
   802 | D:2      | Killed Jessica
   802 | D:2      | Reached XP level 4. HP: 32/40 MP: 3/3
   945 | D:2      | Noticed Terence
   953 | D:2      | Killed Terence
   953 | D:2      | Reached skill level 4 in Long Blades
  1386 | D:3      | Reached XP level 5. HP: 35/47 MP: 4/4
  1530 | D:3      | Noticed a sky beast
  1558 | D:3      | Killed a sky beast
  1558 | D:3      | Reached skill level 5 in Shields
  1653 | D:3      | Reached XP level 6. HP: 23/53 MP: 5/5
  1830 | D:3      | Found a stormy altar of Qazlal.
  2612 | D:3      | Reached skill level 5 in Long Blades
  2612 | D:3      | Reached skill level 5 in Armour
  2678 | D:4      | Noticed Blork the orc
  2695 | D:4      | Killed Blork the orc
  2695 | D:4      | Reached skill level 5 in Fighting
  2695 | D:4      | Reached XP level 7. HP: 29/61 MP: 6/6
  3088 | D:4      | Found Cukumipp's Antique Armour Emporium.
  3698 | D:5      | Entered Level 5 of the Dungeon
  3929 | D:5      | Reached skill level 6 in Long Blades
  4017 | D:5      | Got an ancient lead ring
  4027 | D:5      | Identified the ring "Muntirchok" {+Fly MR+} (You found it
                  | on level 5 of the Dungeon)
  4177 | D:6      | Reached XP level 8. HP: 64/70 MP: 7/7
  4200 | D:6      | Reached skill level 7 in Long Blades
  4296 | D:6      | Reached skill level 1 in Stealth
  4387 | D:6      | Found a staircase to the Ecumenical Temple.
  4403 | D:6      | Found a basalt altar of Yredelemnul.
  4418 | Temple   | Entered the Ecumenical Temple
  4426 | Temple   | Became a worshipper of Warmaster Okawaru
  4584 | D:6      | Found a shattered altar of Ashenzari.
  5211 | D:7      | Reached skill level 8 in Long Blades
  5410 | D:7      | Reached * piety under Okawaru
  5692 | D:7      | Found a glowing golden altar of the Shining One.
  5775 | D:8      | Reached XP level 9. HP: 70/78 MP: 8/8
  5823 | D:7      | Reached skill level 9 in Long Blades
  6287 | D:7      | Reached ** piety under Okawaru
  6786 | D:8      | Reached *** piety under Okawaru
  6786 | D:8      | Reached XP level 10. HP: 71/88 MP: 6/9
  6821 | D:8      | Reached skill level 10 in Long Blades
  6842 | D:8      | Found a staircase to the Lair.
  7291 | D:9      | Found a staircase to the Orcish Mines.
  7537 | D:9      | Found a bloodstained altar of Trog.
  8123 | D:10     | Entered Level 10 of the Dungeon
  8123 | D:10     | Noticed a two-headed ogre
  8132 | D:10     | Killed a two-headed ogre
  8132 | D:10     | Reached skill level 11 in Long Blades
  8132 | D:10     | Reached skill level 10 in Shields
  8135 | D:10     | Reached **** piety under Okawaru
  8408 | D:10     | Reached XP level 11. HP: 89/95 MP: 10/10
  8976 | D:11     | Found a gate leading to a gauntlet.
  8981 | D:11     | Noticed Snorg
  8985 | Gauntlet | Entered a Gauntlet
  8985 | Gauntlet | Found a transporter.
  8985 | Gauntlet | Found a transporter.
  8985 | Gauntlet | Noticed a wretched star
  8986 | Gauntlet | Found a transporter.
  8990 | Gauntlet | Found a transporter.
  8996 | Gauntlet | Found a transporter.
  9002 | Gauntlet | Found a transporter.
  9003 | Gauntlet | Found a transporter.
  9020 | Gauntlet | Noticed a death yak
  9020 | Gauntlet | Noticed a death yak
  9020 | Gauntlet | Noticed a necromancer
  9020 | Gauntlet | Noticed a death yak
  9021 | Gauntlet | Found a transporter.
  9097 | Gauntlet | Found a transporter.
  9113 | Gauntlet | Found a transporter.
  9128 | Gauntlet | Found a transporter.
  9144 | Gauntlet | Found a transporter.
  9329 | Gauntlet | Reached skill level 10 in Armour
  9514 | Gauntlet | Reached ***** piety under Okawaru
  9518 | Gauntlet | Reached skill level 1 in Invocations
  9723 | Gauntlet | Reached skill level 12 in Long Blades
  9724 | Gauntlet | Gained mutation: Armour fits poorly on your strangely
                  | shaped body. [a neqoxec]
  9930 | Gauntlet | Identified the +4 double sword "Faogg" {distort, Int+5
                  | Stlth+}
  9930 | Gauntlet | Noticed a minotaur
  9941 | Gauntlet | Killed a minotaur
 10155 | D:11     | HP: 4/97 [Snorg (10)]
 10168 | D:11     | HP: 4/97 [something/vampiric draining (12)]
 10169 | D:11     | Slain by a vampire

Levels and vault maps discovered:
D:1:      onia_arrival_handbag, layout_basic, minmay_misc_feat_five
D:2:      layout_rooms, serial_bayou_pond_d, uniq_terence, uniq_jessica
D:3:      layout_basic, first_ration, st_stairs_12,
          nicolae_qazlal_general_emergency
D:4:      layout_cave_pods, serial_shops, shop, uniq_blork_the_orc
D:5:      layout_rooms, small_statue_intersection
D:6:      layout_basic, nicolae_ashenzari_panopticon, old_standard_altar,
          minmay_temple_entry_antechambers, grunt_ministairs_7
D:7:      layout_rooms, nicolae_tso_swordbearing_angel
D:8:      layout_rooms, minmay_lair_entry_grove
D:9:      layout_cave_pods, kennysheep_mini, zombieorc2_lemuel, serial_park,
          serial_park_tiny_2
D:10:     layout_gridville
D:11:     layout_irregular_city, gauntlet_entry_generic, hangedman_ranch
          [blue_anna_fruit_fields], minivault_10, uniq_harold, uniq_snorg,
          uniq_fannar
Temple:   eino_narrow_crystal_temple

Skill      XL: |  1  2  3  4  5  6  7  8  9 10 11 |
---------------+----------------------------------+-----
Shields        | 4 5 6 7 9 10 11 | 11.2
Fighting       | 4 5 6 8 9 |  9.6
Long Blades    | 3 4 5 6 8 9 11 12 | 12.3
Dodging        | 1 3 4 |  4.4
Armour         | 4 5 6 8 9 10 | 10.4
Stealth        | 1 |  1.2
Invocations    | 1 |  1.3

Action                   |  1- 3 |  4- 6 |  7- 9 | 10-12 || total
-------------------------+-------+-------+-------+-------++-------
Melee: Long sword        |    59 |   187 |   416 |   486 ||  1148
       Headbutt          |     7 |    29 |    85 |   145 ||   266
Invok: Heroism           |       |       |     3 |     9 ||    12
       Finesse           |       |       |       |     1 ||     1
  Use: Scroll            |       |       |     7 |     8 ||    15
       Potion            |       |       |     2 |     5 ||     7
  Eat: Chunk             |       |     6 |    10 |     4 ||    20
       Ration            |       |       |     1 |     2 ||     3
Armor: Scale mail        |    29 |     8 |       |       ||    37
       Chain mail        |       |    95 |   232 |       ||   327
       Plate armour      |       |       |    36 |   217 ||   253
Dodge: Dodged            |    16 |    43 |   153 |   119 ||   331
Block: Shield            |    36 |   102 |   274 |   290 ||   702
       Rpst.: Long sword |     4 |    15 |    41 |    25 ||    85

Table legend:
 A = Non-vault XP
 B = Vault XP
 C = Vault XP percentage of total XP
 D = Non-vault monster count
 E = Vault monster count
 F = Vault count percentage of total count
                 A         B        C        D         E       F
            +---------+---------+-------+---------+---------+-------
      Total |    9361 |    6400 |  40.6 |     200 |      76 |  27.5
            +---------+---------+-------+---------+---------+-------
        D:1 |      40 |       9 |  18.4 |      21 |       4 |  16.0
        D:2 |      59 |      73 |  55.3 |      17 |       2 |  10.5
        D:3 |     472 |       0 |   0.0 |      32 |       0 |   0.0
        D:4 |     176 |      91 |  34.1 |       9 |       1 |  10.0
        D:5 |     247 |       0 |   0.0 |       8 |       0 |   0.0
        D:6 |     660 |      50 |   7.0 |      15 |       1 |   6.2
        D:7 |    1518 |     567 |  27.2 |      21 |       4 |  16.0
        D:8 |    1205 |    1079 |  47.2 |      30 |       9 |  23.1
        D:9 |     966 |     693 |  41.8 |      15 |      36 |  70.6
       D:10 |    4018 |       0 |   0.0 |      32 |       0 |   0.0
   Gauntlet |       0 |    3838 | 100.0 |       0 |      19 | 100.0
            +---------+---------+-------+---------+---------+-------
